 Dungeon Crawl Stone Soup version 0.13-a0-1536-gedae9ec (webtiles) character file.

717 Kae the Chiller (level 6, -5/32 HPs)
             Began as a Deep Elf Ice Elementalist on June 9, 2013.
             Slain by a centaur skeleton (6 damage)
             ... on Level 5 of the Dungeon.
             The game lasted 00:08:57 (4617 turns).

Kae the Chiller (Deep Elf Ice Elementalist)         Turns: 4617, Time: 00:08:57

HP  -5/32        AC  6     Str  7      XL: 6   Next: 88%
MP  18/20        EV 13     Int 20      God:
Gold 233         SH  0     Dex 15      Spells:  5 memorised,  2 levels left

Res.Fire  : . . .   See Invis. : .   s - +0,+1 dagger (venom)
Res.Cold  : . . .   Warding    : .   a - +0 elf robe
Life Prot.: . . .   Conserve   : .   (no shield)
Res.Poison: .       Res.Corr.  : .   (no helmet)
Res.Elec. : .       Clarity    : .   l - +0 cloak
Sust.Abil.: . .     Spirit.Shd : .   o - +2 pair of gloves
Res.Mut.  : .       Stasis     : .   (no boots)
Res.Rott. : .       Flight     : .   (no amulet)
Saprovore : . . .                    (no ring)
                                     (no ring)

@: slightly resistant to hostile enchantments, fairly stealthy
A: no striking features
a: no special abilities


You were on level 5 of the Dungeon.
You were not hungry.

You visited 1 branch of the dungeon, and saw 5 of its levels.

You collected 213 gold pieces.

Inventory:

Hand weapons
 d - a +2,+0 dagger (quivered)
 s - a +0,+1 dagger of venom (weapon)
Armour
 a - a +0 elven robe (worn)
 l - a +0 cloak (worn)
 o - a +2 pair of gloves (worn)
Magical devices
 p - a wand of fireball (8) {unknown}
Comestibles
 c - 2 bread rations
 E - 2 chunks of hobgoblin flesh
Scrolls
 e - 3 scrolls of remove curse {unknown}
 g - 3 scrolls of recharging {unknown}
 j - 2 scrolls of teleportation {unknown}
 n - a scroll of curse weapon {unknown}
 q - 5 scrolls of identify {unknown}
 r - a scroll of random uselessness {unknown}
 v - a scroll of noise {unknown}
 w - a scroll of fog {unknown}
 y - a scroll of magic mapping {unknown}
 B - a scroll of amnesia {unknown}
 C - a scroll of curse jewellery {unknown}
Jewellery
 x - an uncursed amulet of stasis {unknown}
 z - a +0,+5 ring of slaying {unknown}
Potions
 f - 3 potions of curing {unknown}
 h - a potion of magic {unknown}
 i - a potion of degeneration {unknown}
 k - a potion of brilliance {unknown}
 m - 2 potions of heal wounds {unknown}
 t - a potion of beneficial mutation {unknown}
 u - a potion of poison {unknown}
 A - 2 potions of agility {unknown}
 F - a potion of might {unknown}
Books
 b - a book of Frost

   Spells                             Type                      Level
   *Freeze                            Ice                          1
   *Throw Frost                       Conjuration/Ice              2
   *Ozocubu's Armour                  Charms/Ice                   3
   *Throw Icicle                      Conjuration/Ice              4
   *Summon Ice Beast                  Ice/Summoning                4
   Condensation Shield                Ice                          4
 D - a book of Envenomations

   Spells                             Type                      Level
   Spider Form                        Transmutation/Poison         3
   Poison Weapon                      Charms/Poison                3
   Summon Scorpions                   Summoning/Poison             4
   Olgreb's Toxic Radiance            Poison                       4
   Poisonous Cloud                    Conjuration/Poison/Air       6


   Skills:
 - Level 2.4 Dodging
 - Level 2.4 Stealth
 + Level 5.6 Spellcasting
 * Level 3.4 Conjurations
 + Level 6.3 Ice Magic


You had 2 spell levels left.
You knew the following spells:

 Your Spells              Type           Power        Failure   Level  Hunger
a - Freeze                Ice            ####         1%          1    None
b - Throw Frost           Conj/Ice       ####..       2%          2    None
c - Throw Icicle          Conj/Ice       ####....     17%         4    ####...
d - Ozocubu's Armour      Chrm/Ice       ###.......   10%         3    ##.....
e - Summon Ice Beast      Ice/Summ       ###.......   30%         4    ####...


Dungeon Overview and Level Annotations

Branches:
Dungeon (5/27)
 Temple: D:4-7

Altars:
Zin

Shops:
D:5: =


Message History

Sorry, you're not good enough to have a special ability.
Casting: Throw Frost
Confirm with . or Enter, or press ? or * to list all spells.
Aiming: Freeze
Press: ? - help, Shift-Dir - straight line, f - adder, p - centaur skeleton
Aim: an adder You freeze the adder.
The adder seems to slow down.
The adder is moderately wounded.
The centaur skeleton hits you.
* * * LOW HITPOINT WARNING * * *
The adder bites you but does no damage.
Casting: Freeze
Confirm with . or Enter, or press ? or * to list all spells.
Aiming: Freeze
Press: ? - help, Shift-Dir - straight line, f/p - adder
Aim: an adder (moderately wounded, moving slowly)
You freeze the adder.
The adder is almost dead.
The centaur skeleton hits you.
You die...

....)........######.....
.#...........#..........
.##).....................
...<......#...............
...).....)....#...........
..........................
...........................
........................>..
.........?......@.?........
..........)..(.SZ..........
..........................
..........................
... .................
.....∩..........
..?............
............. ...........


You could see an adder and a centaur skeleton.

Vanquished Creatures
  An orc warrior (D:5)
  A giant frog (D:4)
  An iguana (D:5)
  A hound (D:4)
  An orc priest (D:4)
  An orc wizard (D:3)
  A worker ant (D:4)
  A jelly (D:5)
  5 adders
  2 giant mites (D:3)
  An iguana skeleton (D:4)
  2 worms (D:3)
  A giant eyeball (D:4)
  4 giant geckos
  12 orcs
  6 bats
  8 goblins
  12 hobgoblins
  2 quokkas
  4 giant cockroaches
  6 giant newts
  A goblin skeleton (D:4)
  7 jackals
  7 kobolds
  An orc zombie (D:5)
  8 rats
97 creatures vanquished.

Vanquished Creatures (others)
  An orc (D:4)
1 creature vanquished.

Grand Total: 98 creatures vanquished

Notes
Turn   | Place    | Note
--------------------------------------------------------------
     0 | D:1      | Kae, the Deep Elf Ice Elementalist, began the quest for the Orb.
     0 | D:1      | Reached XP level 1. HP: 10/10 MP: 4/4
   369 | D:1      | Reached XP level 2. HP: 10/15 MP: 7/7
   373 | D:1      | Learned a level 2 spell: Throw Frost
  1288 | D:2      | Reached skill level 4 in Ice Magic
  1288 | D:2      | Reached XP level 3. HP: 15/19 MP: 8/10
  1912 | D:3      | Reached XP level 4. HP: 24/24 MP: 11/13
  1919 | D:3      | Found a glowing silver altar of Zin.
  2352 | D:3      | Reached skill level 5 in Ice Magic
  2739 | D:3      | Reached XP level 5. HP: 24/28 MP: 6/17
  2916 | D:4      | Noticed a phantom
  3083 | D:4      | Noticed a giant frog
  3089 | D:4      | Killed a giant frog
  3089 | D:4      | Reached skill level 5 in Spellcasting
  3240 | D:4      | Learned a level 3 spell: Ozocubu's Armour
  3245 | D:4      | Learned a level 4 spell: Throw Icicle
  3250 | D:4      | Learned a level 4 spell: Summon Ice Beast
  3386 | D:4      | Reached XP level 6. HP: 17/32 MP: 6/20
  4117 | D:5      | Entered Level 5 of the Dungeon
  4130 | D:5      | Reached skill level 6 in Ice Magic
  4600 | D:5      | Found Shamniof's Jewellery Emporium.
  4616 | D:5      | HP: 1/32 [centaur skeleton (6)]
  4617 | D:5      | Slain by a centaur skeleton

Action                   |  1- 3 |  4- 6 || total
-------------------------+-------+-------++-------
Melee: Dagger            |    15 |    78 ||    93
 Cast: Freeze            |    58 |    83 ||   141
       Throw Frost       |       |    20 ||    20
       Throw Icicle      |       |     7 ||     7
 Stab: Sleeping          |       |     3 ||     3
